 Dungeon Crawl Stone Soup version 0.26.1-11-gd32895ea62 (webtiles) character file.

Game seed: 18003778770703881136

972 phalm the Magician (level 7, -2/52 HPs)
             Began as a Mummy Conjurer on June 21, 2021.
             Slain by a big kobold zombie (3 damage)
             ... in an ossuary.
             The game lasted 00:10:39 (5543 turns).

phalm the Magician (Mummy Conjurer)                 Turns: 5543, Time: 00:10:40

Health: -2/52      AC:  5    Str: 10    XL:     7   Next: 94%
Magic:  2/14       EV: 11    Int: 20    God:
Gold:   266        SH:  0    Dex: 10    Spells: 5/16 levels left

rFire    x . .     SeeInvis .   e - +2 war axe (elec)
rCold    + . .     Faith    +   (no shield)
rNeg     + + +     Spirit   .   m - +0 leather armour (curse)
rPois    ∞         Reflect  .   u - +0 helmet
rElec    .         Harm     .   v - +0 cloak
rCorr    .         Rampage  .   (no gloves)
Will     .....                  (no boots)
Stlth    +.........             T - amulet of faith {!P}
HPRegen  0.17/turn              (no ring)
MPRegen  0.14/turn              (no ring)

@: marked
A: no potions, fire vulnerability, cold resistance 1, negative energy resistance
3, torment resistance, unbreathing
a: no special abilities


You were in an ossuary.
You visited 1 branch of the dungeon, and saw 5 of its levels.
You also visited: Ossuary.

You collected 266 gold pieces.


Innate Abilities, Weirdness & Mutations

You do not drink.
Your flesh is vulnerable to fire.
You are immune to poison.
Your flesh is cold resistant. (rC+)
You are immune to negative energy. (rN+++)
You are immune to unholy pain and torment.
You can survive without breathing.


   Skills:
 + Level 3.6 Fighting
 - Level 1.5 Dodging
 - Level 1.5 Stealth
 + Level 5.3 Spellcasting
 + Level 5.0 Conjurations
 + Level 2.5 Hexes
 * Level 3.8 Translocations


You had 5 spell levels left.
You knew the following spells:

 Your Spells              Type           Power        Failure   Level
f - Fulminant Prism       Conj/Hex       10%          32%         4
m - Magic Dart            Conj           100%         1%          1
s - Searing Ray           Conj           50%          3%          2
X - Iskenderun's Mystic   Conj/Tloc      22%          26%         4

Your spell library contained the following spells:

 Spells                   Type           Power        Failure   Level
 Dazzling Flash           Conj/Hex       40%          10%         3

Inventory:

Hand Weapons
 e - a +2 war axe of electrocution (weapon)
   (You took it off an orc on level 5 of the Dungeon)
 n - a +1 hand axe of electrocution
   (You took it off an orc on level 4 of the Dungeon)
Missiles
 g - 27 sling bullets
 o - 17 poisoned darts (quivered)
 p - 3 javelins
 r - 6 silver javelins
 s - 41 bolts
Armour
 a - a +0 robe
 m - a cursed +0 leather armour (worn)
   (You found it on level 1 of the Dungeon)
 u - a +0 helmet (worn)
   (You found it on level 2 of the Dungeon)
 v - a +0 cloak (worn)
   (You found it on level 2 of the Dungeon)
Jewellery
 T - an amulet of faith (around neck) {!P}
   (You found it on level 4 of the Dungeon)
Scrolls
 b - 3 scrolls of fog
 c - a scroll of fear {unknown}
 d - a scroll of immolation {!r!r}
 i - a scroll of teleportation {@r4}
 k - 3 scrolls of remove curse {@r2}
 l - a scroll of amnesia
 q - a scroll of magic mapping {unknown}
 t - 2 scrolls of enchant weapon
 w - a scroll of enchant armour {unknown}

Dungeon Overview and Level Annotations

Branches:
Dungeon (5/15)            Ossuary (1/1)
 Temple: D:4-7

Altars:
Kikubaaqudgha
Makhleb
Yredelemnul

Annotations:
D:5 Eustachio

#...^.#
#ZZ...#
#..∩..#
#Z....#
#..∩..#
#.....#
#.....#
#ZZ...#
#@Z...#
##Z..##
#####


You could see 2 hobgoblin zombies, 3 big kobold zombies and 2 centaur zombies.


Message History

The searing ray hits the mummy.
The searing ray misses the mummy.
The searing ray hits the centaur zombie!
A centaur zombie comes into view. 😕 MP[-1]
You lost 1 mp, and now have 6/14 mp.
The searing ray hits the mummy!
You destroy the mummy!
The searing ray hits the mummy!
You destroy the mummy!
The searing ray hits the hobgoblin zombie!
You destroy the hobgoblin zombie!
You finish channeling your searing ray.
The big kobold zombie closely misses you.
The centaur zombie hits you. 😮 HP[-6]
You take 6 damage, and now have 36/52 hp.
Casting: Searing Ray (safe; 3% risk of failure)
Confirm with . or Enter, or press ? or * to list all spells.
Aiming: Searing Ray (safe; 3% risk of failure)
Press: ? - help, Shift-Dir - straight line, f - centaur zombie
Aim: a centaur zombie (moderately damaged, 0% to evade)
The searing ray hits the centaur zombie!
The searing ray hits the big kobold zombie!
The searing ray hits the centaur zombie!
The searing ray hits the centaur zombie. (Press . to maintain the ray.)
The big kobold zombie barely misses you.
The centaur zombie misses you. 😮 HP[+1] MP[-2]
You lost 2 mp, and now have 4/14 mp.
The searing ray hits the centaur zombie.
The searing ray hits the big kobold zombie!
The searing ray hits the centaur zombie.
The searing ray hits the centaur zombie!
The centaur zombie hits you but does no damage.
The big kobold zombie hits you. 😮 HP[-2] MP[-1]
You take 2 damage, and now have 35/52 hp.
You lost 1 mp, and now have 3/14 mp.
The searing ray hits the centaur zombie!
The searing ray misses the big kobold zombie.
The centaur zombie hits you.
The centaur zombie hits you but does no damage.
The big kobold zombie hits you but does no damage. 😮 HP[-1] MP[-1]
You take 1 damage, and now have 34/52 hp.
You lost 1 mp, and now have 2/14 mp.
The searing ray hits the centaur zombie!
You destroy the centaur zombie!
The searing ray hits the big kobold zombie!
The searing ray hits the centaur zombie!
You finish channeling your searing ray.
The centaur zombie hits you but does no damage. 😮 MP[-1]
You lost 1 mp, and now have 1/14 mp.
Your leather armour prevents you from hitting the big kobold zombie.
You hit the centaur zombie.
Lightning courses through the centaur zombie!
You destroy the centaur zombie!
You hit the centaur zombie.
Lightning courses through the centaur zombie!
You slash the centaur zombie! The centaur zombie hits you.
The big kobold zombie closely misses you.
The centaur zombie hits you but does no damage.
The centaur zombie hits you.
A big kobold zombie comes into view.
The big kobold zombie hits you.
* * * LOW HITPOINT WARNING * * *
The big kobold zombie hits you.
* * * LOW HITPOINT WARNING * * *
Your Conjurations skill increases to level 5! 😨 HP[-13]
You take 13 damage, and now have 21/52 hp.
MASSIVE DAMAGE!! (PAUSE)
You hit the centaur zombie. You barely miss the centaur zombie.
You slash the big kobold zombie! You hit the big kobold zombie.
The centaur zombie closely misses you. The centaur zombie barely misses you.
The centaur zombie hits you.
* * * LOW HITPOINT WARNING * * *
The centaur zombie hits you.
* * * LOW HITPOINT WARNING * * *
The big kobold zombie hits you.
* * * LOW HITPOINT WARNING * * *
The big kobold zombie closely misses you. 😱 HP[-9] MP[+1]
You take 9 damage, and now have 12/52 hp.
Unknown command.
You slash the centaur zombie! You hit the centaur zombie.
You barely miss the big kobold zombie. You hit the big kobold zombie.
The centaur zombie hits you.
* * * LOW HITPOINT WARNING * * *
The centaur zombie hits you.
* * * LOW HITPOINT WARNING * * *
A hobgoblin zombie comes into view. x2
The centaur zombie hits you.
* * * LOW HITPOINT WARNING * * *
The centaur zombie misses you.
The big kobold zombie closely misses you.
The big kobold zombie hits you.
You die...

Skill      XL: |  1  2  3  4  5  6  7 |
---------------+----------------------+-----
Spellcasting   | 3 4 5 |  5.3
Fighting       | 1 2 3 |  3.6
Conjurations   | 4 5 |  5.0
Translocations | 1 2 3 |  3.8
Hexes          | 1 2 |  2.5
Dodging        | |  1.5
Stealth        | |  1.5

Action                   |  1- 3 |  4- 6 |  7- 9 || total
-------------------------+-------+-------+-------++-------
Melee: Short sword       |     3 |       |       ||     3
       Dagger            |    13 |       |       ||    13
       Hand axe          |       |    16 |     9 ||    25
       War axe           |       |       |     5 ||     5
Throw: Dart              |       |     1 |       ||     1
 Cast: Magic Dart        |    38 |    99 |     7 ||   144
       Searing Ray       |     7 |    20 |    11 ||    38
  Use: Scroll            |       |     5 |     1 ||     6
Armor: Robe              |     3 |       |       ||     3
       Leather armour    |     2 |     9 |     9 ||    20
Dodge: Dodged            |    21 |    21 |    29 ||    71

Levels and vault maps discovered:
D:1:      tarquinn_simple_flora_water_e, layout_basic, minmay_bisected
D:2:      layout_loops_corners, yredelemnul_altar_generic,
          uniq_crazy_yiuf_cottage
D:3:      wad_crossroads, layout_basic, kiku_gazebo_garden_becter,
          minmay_fountain_box
D:4:      layout_rooms, kennysheep_mini, nrook_campfire, saegor_snake_ambush,
          uniq_edmund
D:5:      layout_loops_ring, nicolae_ossuary_entry_plus, chequers_mini_garden,
          uniq_eustachio
Ossuary:  ossuary_the_hunt_dpeg

Notes
Turn   | Place    | Note
-------+----------+-------------------------------------------
     0 | D:1      | phalm the Mummy Conjurer began the quest for the Orb.
     0 | D:1      | Reached XP level 1. HP: 13/13 MP: 4/4
     0 | D:1      | magus.rc [v1.9.10]
   246 | D:1      | Reached XP level 2. HP: 20/20 MP: 2/5
   350 | D:1      | Learned a level 2 spell: Searing Ray
   394 | D:1      | Reached skill level 3 in Spellcasting
   909 | D:1      | HP: 3/20 [adder (4)]
   914 | D:1      | Reached skill level 1 in Fighting
  1183 | D:2      | Reached XP level 3. HP: 26/26 MP: 4/7
  1248 | D:2      | You fall into a shaft and drop 2 floors!
  1551 | D:3      | Reached skill level 4 in Conjurations
  1593 | D:3      | Reached XP level 4. HP: 32/32 MP: 4/9
  1652 | D:3      | Learned a level 4 spell: Iskenderun's Mystic Blast
  1741 | D:3      | Found an ancient bone altar of Kikubaaqudgha.
  2091 | D:3      | Reached skill level 2 in Fighting
  2091 | D:3      | Reached skill level 1 in Translocations
  2266 | D:2      | Reached XP level 5. HP: 38/38 MP: 5/10
  2271 | D:2      | Learned a level 4 spell: Fulminant Prism
  2464 | D:2      | Found a runed translucent door.
  2465 | D:2      | Noticed Crazy Yiuf
  2681 | D:2      | Found a basalt altar of Yredelemnul.
  2700 | D:2      | Reached skill level 4 in Spellcasting
  3611 | D:2      | Killed Crazy Yiuf
  3877 | D:3      | Reached XP level 6. HP: 46/46 MP: 5/12
  4279 | D:3      | Reached skill level 1 in Hexes
  4279 | D:3      | Reached skill level 2 in Translocations
  4414 | D:4      | Noticed Edmund
  4470 | D:4      | Killed Edmund
  4738 | D:4      | Reached skill level 3 in Fighting
  4738 | D:4      | Reached XP level 7. HP: 52/52 MP: 3/14
  4975 | D:4      | Found a burning altar of Makhleb.
  5148 | D:5      | Entered Level 5 of the Dungeon
  5174 | D:5      | Reached skill level 3 in Translocations
  5177 | D:5      | Reached skill level 2 in Hexes
  5245 | D:5      | Noticed Eustachio
  5417 | D:5      | Reached skill level 5 in Spellcasting
  5485 | D:5      | Found a sand-covered staircase.
  5520 | Ossuary  | Entered an ossuary
  5542 | Ossuary  | Reached skill level 5 in Conjurations
  5542 | Ossuary  | HP: 12/52 [big kobold zombie (4)]
  5543 | Ossuary  | HP: 5/52 [centaur zombie (4)]
  5543 | Ossuary  | HP: 1/52 [centaur zombie (4)]
  5543 | Ossuary  | Slain by a big kobold zombie

Vanquished Creatures
  Edmund (D:4)
  An ogre (D:5)
  A scorpion (D:4)
  2 centaur zombies (Ossuary)
  7 orc priests
  Crazy Yiuf (D:2)
  2 hounds
  2 orc wizards (D:5)
  A worker ant (D:3)
  3 mummies (Ossuary)
  13 adders
  A shadow imp (D:5)
  An adder zombie (D:5)
  3 worms
  3 dart slugs
  4 leopard geckos
  18 orcs
  5 giant cockroaches
  6 goblins
  7 hobgoblins
  2 jackals (D:2)
  9 kobolds
  2 quokkas (D:3)
  5 ball pythons
  4 bats (D:1)
  5 frilled lizards
  A hobgoblin zombie (Ossuary)
  9 rats
119 creatures vanquished.

Vanquished Creatures (others)
  3 fungi (D:2)
  A withered plant (D:3)
4 creatures vanquished.

Grand Total: 123 creatures vanquished

Table legend:
 A = Non-vault XP
 B = Vault XP
 C = Vault XP percentage of total XP
 D = Non-vault monster count
 E = Vault monster count
 F = Vault count percentage of total count
                 A         B        C        D         E       F
            +---------+---------+-------+---------+---------+-------
      Total |     998 |     391 |  28.1 |      99 |      20 |  16.8
            +---------+---------+-------+---------+---------+-------
        D:1 |      34 |       6 |  15.0 |      13 |       4 |  23.5
        D:2 |     119 |      41 |  25.6 |      30 |       1 |   3.2
        D:3 |     161 |      22 |  12.0 |      25 |       4 |  13.8
        D:4 |     227 |     173 |  43.2 |      15 |       5 |  25.0
        D:5 |     457 |       0 |   0.0 |      16 |       0 |   0.0
    Ossuary |       0 |     149 | 100.0 |       0 |       6 | 100.0
            +---------+---------+-------+---------+---------+-------

Illustrated notes

Table legend:
 A = Kills in this place as a percentage of kills in entire the game.
 B = Kills by you in this place as a percentage of kills by you in the entire game.
 C = Kills by friends in this place as a percentage of kills by friends in the entire game.
 D = Other kills in this place as a percentage of other kills in the entire game.
 E = Experience gained in this place as a percentage of experience gained in the entire game.
 F = Experience gained in this place divided by the number of levels of this place that you have seen.
                   A       B       C       D       E      F
               +-------+-------+-------+-------+-------+----------------------
         Total | 100.0 | 100.0 |   N/A |   N/A | 100.0 | 231.5
       Dungeon |  95.0 |  95.0 |   N/A |   N/A |  89.3 | 248.0
       Ossuary |   5.0 |   5.0 |   N/A |   N/A |  10.7 | 149.0
               +-------+-------+-------+-------+-------+----------------------

Table legend: (Time is in decaauts)
 A = Elapsed time spent in this place.
 B = Non-inter-level travel time spent in this place.
 C = Inter-level travel time spent in this place.
 D = Time resting spent in this place.
 E = Time spent auto-exploring this place.
 F = Levels seen in this place.
 G = Mean time per level.
                   A        B        C        D        E       F      G
               +--------+--------+--------+--------+--------+-----+--------+
         Total |   5580 |   5374 |    206 |     65 |   4449 |   6 |  930.0 |
       Dungeon |   5556 |   5350 |    206 |     65 |   4449 |   5 | 1111.2 |
       Ossuary |     23 |     23 |      0 |      0 |      0 |   1 |   23.0 |
               +--------+--------+--------+--------+--------+-----+--------+

Top non-repeatable levels by time:
     D:2: 1560 daAuts
     D:3: 1390 daAuts
     D:1: 1175 daAuts
     D:4: 1055 daAuts
     D:5: 374 daAuts
 Ossuary: 23 daAuts
